 Dungeon Crawl Stone Soup version 0.32-a0-411-g744942f433 (webtiles) character file.

Game seed: 679784818961793359

34 shadowstone the Slasher (level 3, -2/2 HPs)
             Began as a Coglin Cinder Acolyte on Feb 20, 2024.
             Was a Follower of Ignis.
             Slain by a ball python (3 damage)
             ... on level 2 of the Dungeon.
             The game lasted 00:04:02 (503 turns).

shadowstone the Slasher (Coglin Cinder Acolyte)      Turns: 503, Time: 00:04:03

Health: -2/2       AC:  0    Str: 16    XL:     3   Next: 31%
Magic:  4/4        EV: 11    Int: 13    God:    Ignis [*.....]
Gold:   28         SH:  0    Dex:  9    Spells: 4/4 levels left

rFire   + . .        a - -1 falchion (flame) {Xochitl}
rCold   . . .        (no shield)
rNeg    . . .        b - melded +0 robe
rPois   .            (no helmet)
rElec   .            (no cloak)
rCorr   .            (no gloves)
SInv    .            (no boots)
Will    .....        (no amulet)
Stlth   +            (no ring)
HPRegen 0.20/turn    (no ring)
MPRegen 0.09/turn

%: no passive effects
@: maw-form
A: devouring maw, reduced hp, off-hand wielding, slow wielding, warmup strikes,
legs shutdown
a: Begin Untransformation, Renounce Religion, Fiery Armour, Foxfire Swarm


You were on level 2 of the Dungeon.
You worshipped Ignis.
Ignis was aware of your devotion.
You were a creature with a mouth for a stomach.
You visited 1 branch of the dungeon, and saw 2 of its levels.

You collected 28 gold pieces.

Inventory:

Hand Weapons
 a - a -1 falchion of flaming (weapon) {Xochitl}
Armour
 b - a +0 robe (melded)
Talismans
 f - a maw talisman (active)
Scrolls
 c - a scroll of teleportation {unknown}
 d - a scroll of noise {unknown}
 e - a scroll of revelation {unknown}
 g - a scroll of torment {unknown}
 i - a scroll of silence {unknown}
Potions
 h - a potion of brilliance {unknown}


   Skills:
 + Level 3.3 Fighting
 + Level 3.9 Long Blades
 + Level 1.0 Spellcasting
 + Level 2.9 Fire Magic


You had 4 spell levels left.
You didn't know any spells.
Your spell library contained the following spells:

 Spells                   Type           Power      Damage    Failure   Level
 Scorch                   Fire           16%        2d5       13%         2
 Ensorcelled Hibernation  Hex/Ice        0%         N/A       38%         2
 Passwall                 Erth           0%         N/A       63%         3
 Swiftness                Air            0%         N/A       63%         3


Dungeon Overview and Level Annotations

Branches:
Dungeon (2/15)

Altars:


Innate Abilities, Weirdness & Mutations

You are a creature with a mouth for a stomach.
Your midsection houses a second, enormous mouth.
Your maximum health is decreased, since you lack skill for your form.
You can wield a second weapon in your off-hand.
It takes a long time for you to wield or remove held weapons.
Your first few attacks do less damage.
Attacking and casting redirects power from your legs.


Message History

Found a stone staircase leading down.
Found a dagger.
You see here a +0 dagger.
You now have 18 gold pieces (gained 3).
g - a scroll labelled ARPHETZ JUYMO A kobold comes into view.
It is wielding a +0 club.
The kobold shouts!
The kobold barely misses you. The kobold hits you with a +0 club.
Ouch! That really hurt!
You hit the kobold. You burn the kobold.
You devour the kobold!
You feel better.
You kill the kobold!
You cannot move.
You cannot move.
You cannot move.
You cannot move.
You cannot move.
You cannot move.
You cannot move.
You start resting.
You are no longer unable to travel.
Found a hand axe.
You see here a +0 club.
Found a murky dark potion.
h - a murky dark potion You now have 28 gold pieces (gained 10).
Found an escape hatch in the floor.
There is an escape hatch in the floor here.
Found a scroll labelled QOZIKO KOF VAU.
i - a scroll labelled QOZIKO KOF VAU
Found a scroll labelled PODDOUTR WEHUXE.
A ball python comes into view.
The ball python bites you.
Ouch! That really hurt!
The ball python grabs you. The ball python constricts you.
You escape the ball python's grasp.
The ball python bites you.
Ouch! That really hurt!
You die...
Ignis goes out, and joins you in death.

#.#... #.###.#
#.# #.# #.# #.#
#.# #.# #.# #.#
###.
##.###.####.....
#...##...S......
#.......W.......
#...###########.
#####


You could see a ball python.

Vanquished Creatures
  2 dart slugs (D:1)
  2 ball pythons (D:1)
  3 goblins (D:1)
  3 hobgoblins
  A kobold (D:2)
  2 quokkas (D:1)
  2 bats (D:1)
  2 rats (D:1)
17 creatures vanquished.

Vanquished Creatures (others)
  54 foxfires (D:1)
54 creatures vanquished.

Grand Total: 71 creatures vanquished

Notes
Turn   | Place    | Note
-------+----------+-------------------------------------------
     0 | D:1      | shadowstone the Coglin Cinder Acolyte began the quest for
                  | the Orb.
     0 | D:1      | Reached XP level 1. HP: 18/18 MP: 2/2
    29 | D:1      | Reached XP level 2. HP: 24/24 MP: 3/3
   251 | D:1      | Reached XP level 3. HP: 24/29 MP: 4/4
   298 | D:1      | You fall into a shaft and drop 1 floor!
   503 | D:2      | Slain by a ball python

Illustrated notes

Levels and vault maps discovered:
D:1:      lemuel_arrival_cross, layout_loops_ring, ebering_ecumenical_altar_box
D:2:      layout_loops_ring

Action                     || total
---------------------------++-------
  Melee: Falchion          ||    14
 Invoke: Foxfire Swarm     ||     8
         Fiery Armour      ||     1
         Rising Flame      ||     1
 Armour: Robe              ||    16
         Skin              ||     3
  Dodge: Dodged            ||    10
   Form: Maw               ||     1

Table legend: (Time is in decaauts)
 A = Elapsed time spent in this place.
 B = Non-inter-level travel time spent in this place.
 C = Inter-level travel time spent in this place.
 D = Time resting spent in this place.
 E = Time spent auto-exploring this place.
 F = Levels seen in this place.
 G = Mean time per level.
                   A        B        C        D        E       F      G
               +--------+--------+--------+--------+--------+-----+--------+
         Total |    503 |    501 |      2 |      0 |    100 |   2 |  251.5 |
       Dungeon |    503 |    501 |      2 |      0 |    100 |   2 |  251.5 |
               +--------+--------+--------+--------+--------+-----+--------+

Top non-repeatable levels by time:
     D:1: 276 daAuts
     D:2: 226 daAuts
